 Dungeon Crawl Stone Soup version 0.23.2-1-ga50397a (webtiles) character file.

Game seed: 5641040203134448877

69902 whitewolfNL the Bludgeoner (level 14, -1/133 HPs)
             Began as a Minotaur Berserker on May 21, 2019.
             Was a Priest of Trog.
             Killed by the air
             ... invoked by a blizzard demon
              (9 damage)
             ... on level 1 of the Depths.
             The game lasted 01:42:54 (18933 turns).

whitewolfNL the Bludgeoner (Minotaur Berserker)    Turns: 18933, Time: 01:42:55

Health: -1/133     AC: 23    Str: 33    XL:     14   Next: 92%
Magic:  17/17      EV: 31    Int:  8    God:    Trog [***...]
Gold:   1212       SH:  7    Dex: 15    Spells: 19/19 levels left

rFire    + + .     SeeInvis +   F - +6 demon whip of Trog's Fury {drain, Str+7 Int-4 Dex-2 SInv}
rCold    . . .     Gourm    .   L - +2 buckler
rNeg     . . .     Faith    .   i - +0 plate armour
rPois    +         Spirit   .   (helmet restricted)
rElec    +         Reflect  .   w - +2 cloak
rCorr    +         Harm     .   E - +2 pair of gloves
MR       +....     NoTele   +   (no boots)
Stlth    ..........             Q - amulet "Zaokaexa" {Acrobat *Slow Int+4 Dex+3}
HPRegen  0.32/turn              n - ring of Ycwy {Fire -Tele Str+4 Int+3}
MPRegen  0.15/turn              T - ring "Ziede" {SInv Stlth+}

@: resistant, berserk cooldown, acrobat, very slightly contaminated, slowed,
invisible, very slow
A: retaliatory headbutt, horns 2
a: Berserk, Trog's Hand, Renounce Religion


You were on level 1 of the Depths.
You worshipped Trog.
Trog was most pleased with you.
You were very hungry.

You visited 2 branches of the dungeon, and saw 16 of its levels.

You collected 1451 gold pieces.
You spent 239 gold pieces at shops.

Inventory:

Hand Weapons
 y - a +4 antimagic morningstar
 F - the +6 demon whip of Trog's Fury (weapon) {drain, Str+7 Int-4 Dex-2 SInv}
   (Trog gifted it to you on level 12 of the Dungeon)

   A truly terrible weapon, it drains the life of those it strikes.
   It affects your strength (+7).
   It affects your intelligence (-4).
   It affects your dexterity (-2).
   It lets you see invisible.
 R - a +3 arbalest of flaming
Missiles
 e - 384 arrows
 j - 126 sling bullets
 s - 7 javelins of returning (quivered)
 t - 169 bolts
 J - 12 poisoned javelins
 N - 6 exploding tomahawks
Armour
 i - a +0 plate armour (worn)
 w - a +2 cloak (worn)
 E - a +2 pair of gloves (worn)
 L - a +2 buckler (worn)
Jewellery
 n - the ring of Ycwy (left hand) {Fire -Tele Str+4 Int+3}
   (You found it on level 1 of the Depths)

   [ring of fire]

   It enhances your fire magic.
   It affects your strength (+4).
   It affects your intelligence (+3).
   It protects you from fire.
   It makes you vulnerable to cold.
   It prevents most forms of teleportation.
 C - a +2 ring of evasion
 Q - the amulet "Zaokaexa" (around neck) {Acrobat *Slow Int+4 Dex+3}
   (You found it on level 11 of the Dungeon)

   [amulet of the acrobat]

   It helps you evade while moving and waiting.
   It affects your intelligence (+4).
   It affects your dexterity (+3).
   It may slow you when you take damage.
 T - the ring "Ziede" (right hand) {SInv Stlth+}
   (You found it on level 11 of the Dungeon)

   [ring of stealth]

   It lets you see invisible.
   It makes you more stealthy.
Wands
 a - a wand of acid (14)
 m - a wand of paralysis (7)
 p - a wand of random effects (52)
 v - a wand of flame (7)
 A - a wand of polymorph (17)
 B - a wand of digging (4)
Scrolls
 b - 2 scrolls of teleportation
 d - 4 scrolls of remove curse
 g - 3 scrolls of enchant armour
 h - 8 scrolls of identify
 l - 2 scrolls of enchant weapon
 r - 4 scrolls of fear
 u - a scroll of random uselessness {unknown}
 x - a scroll of torment {unknown}
 I - a scroll of magic mapping {unknown}
 P - a scroll of silence {unknown}
 V - a scroll of vulnerability {unknown}
 Y - a scroll of fog {unknown}
 Z - 2 scrolls of blinking
Potions
 f - a potion of flight
 q - 2 potions of ambrosia {unknown}
 z - a potion of brilliance {unknown}
 D - a potion of resistance
 H - 3 potions of haste
 K - 2 potions of mutation
 M - a potion of degeneration {unknown}
 O - 2 potions of invisibility
 W - a potion of agility
 X - a potion of cancellation {unknown}
Miscellaneous
 k - 2 phantom mirrors
 G - a phial of floods
 S - a lightning rod (4/4)
 U - a sack of spiders
Comestibles
 c - 20 rations


   Skills:
 * Level 14.4 Fighting
 - Level 17.0 Maces & Flails
 - Level 2.0 Crossbows
 - Level 4.0 Throwing
 * Level 13.5 Armour
 * Level 13.0 Dodging
 - Level 1.1 Stealth
 - Level 4.2 Shields
 - Level 3.1 Spellcasting
 - Level 4.0 Evocations


You had 19 spell levels left.
You didn't know any spells.
Your spell library was empty.

Dungeon Overview and Level Annotations

Branches:
Dungeon (15/15)            Temple (0/1) D:5            Lair (0/6) D:9
    Orc (0/2) D:10         Vaults (0/5) D:13         Depths (1/5) D:15

Altars:
Cheibriados
Dithmenos
Hepliaklqana
Makhleb
Okawaru
Ru
Xom
Yredelemnul
The Shining One
Beogh

Shops:
D:4 *   D:6 *   D:10 [[   D:12 (   D:15 !


Innate Abilities, Weirdness & Mutations

You reflexively headbutt those who attack you in melee.
You have a pair of horns on your head.


Message History

You closely miss the blizzard demon.
The blizzard demon is lightly wounded.
The blizzard demon hits you but does no damage.
You block the blizzard demon's attack.
The soul eater draws from the surrounding life force!
* * * LOW HITPOINT WARNING * * *
You hit the blizzard demon.
Your headbutt misses the blizzard demon.
The blizzard demon is lightly wounded.
The crimson imp blinks!
Okay, then.
You fade into invisibility!
You block the blizzard demon's attack. x2
The blizzard demon hits you but does no damage.
The blizzard demon hits you.
* * * LOW HITPOINT WARNING * * *
You are very lightly contaminated with residual magic.
The blizzard demon waves its arms in wide circles.
The air twists around and strikes you!
You die...

..# #..##........#
..# #..##........#
..# #..##........#
..# #..##........#
..#
#..##........#######
..#
#..##..............#
..#
#######........)...#
..# ###....#######
### . ###.@## # ..
#...# ..8 ###2# ...5
#3# 8..4. #5#
...8.8#5# §§§.$.§.#
§8§5..'.# §§§...'.#


You could see a blizzard demon, a soul eater, an iron imp and a crimson imp.

Vanquished Creatures
  An ironheart preserver (D:13)
  4 stone giants (Depths:1)
  3 very ugly things (Depths:1)
  4 ettins (Depths:1)
  A fire dragon (Depths:1)
  Josephine (D:12)
  The ghost of Trampli the Quickloader, a journeyman DDHu of Trog (D:12)
  A deep elf high priest (D:11)
  2 yaktaur captains
  2 rakshasas (Depths:1)
  An ice dragon (Depths:1)
  A catoblepas (D:13)
  2 two-headed ogres (D:15)
  2 ogre magi
  6 centaur warriors
  A tengu warrior (D:15)
  A dancing weapon (D:12)
  3 deep troll earth magi (Depths:1)
  2 unseen horrors
  6 deep trolls (Depths:1)
  A deep troll (shapeshifter) (D:11)
  2 wizards
  A wolf spider zombie (D:14)
  A deep elf mage (D:15)
  6 ugly things
  3 manticores
  3 cyclopes
  Joseph (D:8)
  A gargoyle (D:11)
  A torpor snail (shapeshifter) (D:15)
  A yaktaur (D:15)
  A kobold demonologist (D:13)
  A komodo dragon (D:12)
  2 ice devils (Depths:1)
  A tengu conjurer (D:13)
  3 hornets
  A red devil (Depths:1)
  4 trolls
  21 slime creatures
  A hornet (shapeshifter) (D:14)
  A meliai zombie (D:13)
  A hippogriff (D:13)
  A centaur simulacrum (D:14)
  6 wraiths
  8 redbacks (D:14)
  4 wyverns
  2 shadows
  25 yaks
  2 basilisks
  Grum (D:8)
  A hungry ghost (D:8)
  4 vampire mosquitoes (D:15)
  2 acid dragons
  5 large abominations (D:12)
  Duvessa (D:5)
  A water moccasin (D:10)
  10 orc warriors
  3 ice beasts
  5 sky beasts
  3 eyes of draining
  2 black bears
  11 ogres
  2 necrophages
  6 wolves
  6 phantoms
  3 boggarts (Depths:1)
  10 centaurs
  A crocodile (D:12)
  7 small abominations (D:12)
  7 big kobolds
  12 bullfrogs
  A wyvern zombie (D:12)
  2 wyvern skeletons
  A scorpion (D:8)
  Dowan (D:5)
  20 killer bees
  3 wights (D:12)
  An electric eel (D:9)
  11 crimson imps
  2 howler monkeys
  9 jellies
  5 bullfrog zombies
  5 centaur zombies
  7 hounds
  7 orc priests
  5 bullfrog skeletons
  20 orc wizards
  A gnoll shaman (D:9)
  An iron imp (Depths:1)
  5 iguanas
  Crazy Yiuf (D:7)
  2 centaur skeletons
  Ijyb (D:5)
  7 worker ants
  4 hound zombies
  A worker ant zombie (D:6)
  A howler monkey zombie (D:11)
  7 gnolls
  14 adders
  A howler monkey skeleton (D:9)
  5 shadow imps
  A white imp (Depths:1)
  8 oozes
  3 adder zombies
  5 dart slugs
  6 worms
  7 leopard geckos
  54 orcs
  A ball python (D:5)
  6 bats
  5 giant cockroaches
  8 goblins
  6 hobgoblins
  21 jackals
  5 quokkas
  6 frilled lizards
  2 jackal zombies
  14 kobolds
  7 rats
570 creatures vanquished.

Vanquished Creatures (others)
  An electric eel (D:9)
  A crimson imp (Depths:1)
2 creatures vanquished.

Grand Total: 572 creatures vanquished

Notes
Turn   | Place    | Note
-------+----------+-------------------------------------------
     0 | D:1      | whitewolfNL the Minotaur Berserker began the quest for the
                  | Orb.
     0 | D:1      | Reached XP level 1. HP: 19/19 MP: 0/0
   100 | D:1      | Reached XP level 2. HP: 23/27 MP: 1/1
   189 | D:1      | Reached skill level 4 in Maces & Flails
   704 | D:2      | Reached XP level 3. HP: 29/33 MP: 2/2
   887 | D:2      | Reached ** piety under Trog
  1127 | D:2      | Reached XP level 4. HP: 38/41 MP: 3/3
  1398 | D:3      | Noticed a phantom
  1426 | D:3      | Killed a phantom
  1426 | D:3      | Reached skill level 5 in Fighting
  1426 | D:3      | Reached skill level 5 in Maces & Flails
  1426 | D:3      | Reached XP level 5. HP: 23/48 MP: 4/4
  1705 | D:3      | Found a burning altar of Makhleb.
  1705 | D:3      | Noticed a blizzard demon
  1840 | D:3      | Found an iron altar of Okawaru.
  1960 | D:3      | Noticed an orange demon
  1960 | D:3      | Noticed a ynoxinul
  1968 | D:4      | Found a snail-covered altar of Cheibriados.
  1979 | D:4      | Reached XP level 6. HP: 56/56 MP: 5/5
  2019 | D:4      | Found Faej's Assorted Antiques.
  2059 | D:4      | Reached skill level 1 in Throwing
  2111 | D:4      | Reached *** piety under Trog
  2193 | D:4      | Found a roughly hewn altar of Beogh.
  2211 | D:4      | HP: 2/56 [orc priest/divine providence (10)]
  2560 | D:4      | Found a glowing golden altar of the Shining One.
  2634 | D:4      | Reached XP level 7. HP: 56/62 MP: 6/6
  2716 | D:4      | Found a burning altar of Makhleb.
  2791 | D:5      | Entered Level 5 of the Dungeon
  2816 | D:5      | Found a staircase to the Ecumenical Temple.
  2900 | D:5      | Reached skill level 6 in Maces & Flails
  2914 | D:5      | Reached skill level 5 in Dodging
  2914 | D:5      | Reached skill level 1 in Stealth
  2924 | D:5      | Noticed Duvessa
  2925 | D:5      | Noticed Dowan
  2938 | D:5      | Killed Dowan
  2939 | D:5      | Killed Duvessa
  3010 | D:5      | Noticed Ijyb
  3019 | D:5      | Killed Ijyb
  3019 | D:5      | Reached XP level 8. HP: 71/71 MP: 7/7
  3122 | D:5      | Reached **** piety under Trog
  3570 | D:6      | Reached skill level 1 in Evocations
  3678 | D:6      | Reached skill level 7 in Maces & Flails
  3750 | D:6      | Found Googishry's General Store.
  3868 | D:6      | Bought a scroll of remove curse for 45 gold pieces
  3868 | D:6      | Bought a potion of heal wounds for 75 gold pieces
  4263 | D:6      | Reached skill level 5 in Armour
  4437 | D:7      | Found a hazy altar of Hepliaklqana.
  4444 | D:7      | Reached XP level 9. HP: 76/80 MP: 9/9
  4546 | D:7      | Found a runed translucent door.
  4547 | D:7      | Noticed Crazy Yiuf
  4553 | D:7      | Killed Crazy Yiuf
  4707 | D:7      | Reached ***** piety under Trog
  4719 | D:7      | Reached skill level 8 in Maces & Flails
  5267 | D:7      | Found a sacrificial altar of Ru.
  5344 | D:8      | Noticed Joseph
  5378 | D:8      | Killed Joseph
  5440 | D:8      | Noticed Grum
  5451 | D:8      | Killed Grum
  5795 | D:8      | Found a sand-covered staircase.
  5869 | D:8      | Reached skill level 9 in Maces & Flails
  5947 | D:8      | Reached XP level 10. HP: 91/91 MP: 12/12
  5998 | D:8      | Found a shimmering altar of Xom.
  6344 | D:8      | Received a gift from Trog
  6901 | D:9      | Reached skill level 10 in Maces & Flails
  7190 | D:9      | Found a staircase to the Lair.
  7346 | D:9      | Found a basalt altar of Yredelemnul.
  7348 | D:9      | Found a shadowy altar of Dithmenos.
  7790 | D:9      | Reached skill level 10 in Fighting
  8129 | D:10     | Entered Level 10 of the Dungeon
  8246 | D:10     | Reached XP level 11. HP: 99/100 MP: 4/13
  8338 | D:10     | Found a staircase to the Orcish Mines.
  8345 | D:10     | Found Plog's Armour Shoppe.
  8541 | D:10     | Received a gift from Trog
  8790 | D:10     | Reached skill level 11 in Maces & Flails
  8809 | D:10     | Found Laufyor's Armour Emporium.
  8875 | D:10     | Killed an unseen horror
  9059 | D:10     | Received a gift from Trog
  9544 | D:11     | Reached skill level 1 in Shields
  9970 | D:11     | You fall through a shaft!
  9983 | D:12     | Reached ****** piety under Trog
 10003 | D:12     | Found a runed translucent door.
 10019 | D:12     | Noticed a centaur warrior
 10378 | D:12     | Noticed Josephine
 10389 | D:12     | Killed Josephine
 10389 | D:12     | Reached skill level 12 in Maces & Flails
 10485 | D:12     | Received a gift from Trog
 10502 | D:12     | Noticed a wizard
 10517 | D:12     | Killed a wizard
 10735 | D:12     | Got a pitted demon whip {god gift}
 10736 | D:12     | Lost intelligence.
 10736 | D:12     | Identified the +6 demon whip of Trog's Fury {drain, Str+7
                  | Int-4 Dex-2 SInv} (Trog gifted it to you on level 12 of the
                  | Dungeon)
 10854 | D:12     | Reached skill level 10 in Armour
 10854 | D:12     | Reached XP level 12. HP: 78/110 MP: 4/14
 10857 | D:12     | Reached skill level 10 in Dodging
 11285 | D:12     | Reached skill level 13 in Maces & Flails
 11285 | D:12     | Killed a centaur warrior
 11849 | D:11     | Found a runed translucent door.
 11849 | D:11     | Identified the cursed +0 dagger of Itezeixo {chaos, MP+9}
 11850 | D:11     | Identified the +10 rapier "Vooto Opner" {freeze, Str+3}
 11852 | D:11     | Noticed a deep elf high priest
 12215 | D:11     | Killed a deep elf high priest
 12276 | D:11     | Got a warped tin amulet
 12285 | D:11     | Got a clouded lapis lazuli ring
 12473 | D:11     | Identified the ring "Ziede" {SInv Stlth+} (You found it on
                  | level 11 of the Dungeon)
 12475 | D:11     | Identified the amulet "Zaokaexa" {Acrobat *Slow Int+4
                  | Dex+3} (You found it on level 11 of the Dungeon)
 12684 | D:12     | Found Luudwoq's Weapon Emporium.
 12801 | D:12     | Reached skill level 14 in Maces & Flails
 12817 | D:12     | Got a smoking ruby amulet
 12837 | D:12     | Identified the amulet "Okuasem" {Faith rF+ Int+7} (You
                  | found it on level 12 of the Dungeon)
 12893 | D:12     | Found a shimmering altar of Xom.
 12893 | D:12     | Noticed Trampli's ghost (journeyman DDHu)
 12970 | D:12     | Killed Trampli's ghost
 12970 | D:12     | Received a gift from Trog
 13565 | D:13     | Noticed a centaur warrior
 13569 | D:13     | Killed a centaur warrior
 13569 | D:13     | Reached XP level 13. HP: 119/119 MP: 15/15
 13611 | D:13     | Noticed an ironheart preserver
 13622 | D:13     | Killed an ironheart preserver
 13622 | D:13     | Received a gift from Trog
 14305 | D:13     | Identified Gasaovof's Incunabulum of Heat and the Mountains
 14330 | D:13     | Found a gate to the Vaults.
 14391 | D:13     | Reached skill level 15 in Maces & Flails
 14642 | D:14     | Found a flagged portal.
 14728 | D:14     | Received a gift from Trog
 16032 | D:15     | Entered Level 15 of the Dungeon
 16124 | D:15     | Reached skill level 1 in Spellcasting
 16426 | D:15     | Reached skill level 16 in Maces & Flails
 16436 | D:15     | Reached XP level 14. HP: 105/129 MP: 16/16
 16818 | D:15     | Found Oruwud's Distillery.
 16825 | D:15     | Bought a potion of might for 68 gold pieces
 16825 | D:15     | Bought a potion of flight for 51 gold pieces
 16917 | D:15     | Found a sacrificial altar of Ru.
 16972 | D:15     | Found a staircase to the Depths.
 16986 | Depths:1 | Entered Level 1 of the Depths
 17296 | Depths:1 | Got a sparkling wooden ring
 17635 | Depths:1 | Noticed a stone giant
 17647 | Depths:1 | Killed a stone giant
 17678 | Depths:1 | Noticed a brown very ugly thing
 17685 | Depths:1 | Noticed a brown very ugly thing
 17689 | Depths:1 | Noticed a brown very ugly thing
 17692 | Depths:1 | Killed a brown very ugly thing
 17715 | Depths:1 | Killed a green very ugly thing
 17717 | Depths:1 | Killed a red very ugly thing
 17730 | Depths:1 | Identified the ring of Ycwy {Fire -Tele Str+4 Int+3} (You
                  | found it on level 1 of the Depths)
 18008 | Depths:1 | Noticed a stone giant
 18022 | Depths:1 | Killed a stone giant
 18350 | Depths:1 | Reached skill level 17 in Maces & Flails
 18416 | Depths:1 | Reached skill level 1 in Crossbows
 18434 | Depths:1 | Noticed a stone giant
 18449 | Depths:1 | Killed a stone giant
 18558 | Depths:1 | Received a gift from Trog
 18832 | Depths:1 | Noticed a stone giant
 18850 | Depths:1 | Killed a stone giant
 18933 | Depths:1 | Killed from afar by a blizzard demon

Skill      XL: |  1  2  3  4  5  6  7  8  9 10 11 12 13 14 |
---------------+-------------------------------------------+-----
Maces & Flails | 4 5 6 7 9 10 12 14 16 17 | 17.0
Fighting       | 4 5 6 7 9 10 11 12 13 14 | 14.4
Dodging        | 3 4 5 6 7 8 9 11 12 13 | 13.0
Armour         | 3 4 5 6 8 10 11 12 13 | 13.5
Throwing       | 1 3 4 |  4.0
Stealth        | 1 |  1.1
Evocations     | 2 4 |  4.0
Shields        | 4 |  4.2
Spellcasting   | 1 3 |  3.1
Crossbows      | 2 |  2.0

Action                   |  1- 3 |  4- 6 |  7- 9 | 10-12 | 13-15 || total
-------------------------+-------+-------+-------+-------+-------++-------
Melee: Mace              |    90 |   113 |   346 |    52 |       ||   601
       Headbutt          |     6 |    18 |    65 |   154 |   160 ||   403
       Morningstar       |       |       |       |   566 |       ||   566
       Demon whip        |       |       |       |    87 |   457 ||   544
Throw: Tomahawk          |       |       |       |     3 |     2 ||     5
       Javelin           |       |       |       |       |     4 ||     4
Invok: Berserk           |     1 |     4 |     9 |    28 |    24 ||    66
       Trog's Hand       |       |     1 |       |       |       ||     1
Evoke: Wand              |       |       |       |    24 |     1 ||    25
  Use: Scroll            |       |     6 |     4 |     6 |     1 ||    17
       Potion            |       |     4 |       |     8 |     5 ||    17
  Eat: Chunk             |     2 |     5 |    16 |    35 |    32 ||    90
       Ration            |       |     1 |     1 |     5 |     2 ||     9
Armor: Animal skin       |     8 |       |       |       |       ||     8
       Ring mail         |    15 |    11 |       |       |       ||    26
       Plate armour      |       |    52 |   221 |   354 |   177 ||   804
       Skin              |       |    12 |       |       |       ||    12
Dodge: Dodged            |    70 |    51 |   172 |   394 |   287 ||   974
Block: Buckler           |       |       |       |    74 |    54 ||   128
